 Dungeon Crawl Stone Soup version 0.30-a0-168-g0b976cbdc4 (webtiles) character file.

Game seed: 12566601671972553247

132 qw the Chopper (level 5, -2/32 HPs)
             Began as a Gargoyle Fighter on Sept 29, 2022.
             Slain by a gnoll
             ... wielding a +2 vorpal flail
              (7 damage)
             ... on level 4 of the Dungeon.
             The game lasted 00:00:56 (2559 turns).

qw the Chopper (Gargoyle Fighter)                   Turns: 2559, Time: 00:00:56

Health: -2/32      AC: 17    Str: 21    XL:     5   Next: 15%
Magic:  1/1        EV:  7    Int: 14    God:
Gold:   133        SH:  4    Dex:  6    Spells: 4/4 levels left

rFire   + . .      SeeInvis .    Y - +2 broad axe (antimagic)
rCold   . . .      Faith    .    c - +0 buckler
rNeg    + . .      Spirit   .    q - +0 chain mail
rPois   inf        Reflect  .    j - +0 helmet "Zureh" {Int+2}
rElec   +          Harm     .    (no cloak)
rCorr   .          Rampage  +    (no gloves)
Will    .....                    e - +2 pair of boots {rampage}
Stlth   ..........               (no amulet)
HPRegen 0.10/turn                h - ring "Liuronur" {Wiz rPois rF+ Int+3 Dex-3}
MPRegen 0.07/turn                (no ring)

@: about to teleport
A: sickness immunity, AC +4, negative energy resistance 1, electricity
resistance, torment resistance 1, petrification resistance
a: no special abilities


You were on level 4 of the Dungeon.
You visited 1 branch of the dungeon, and saw 4 of its levels.

You collected 133 gold pieces.


Innate Abilities, Weirdness & Mutations

You are immune to sickness and miasma.
Your stone body is resilient. (AC +4)
You are immune to poison.
You resist negative energy. (rN+)
You are resistant to electric shocks. (rElec)
You are resistant to unholy torment.
You are immune to petrification.


   Skills:
 - Level 3.2 Fighting
 + Level 4.7 Axes
 - Level 3.2 Armour
 - Level 3.2 Shields


You had 4 spell levels left.
You didn't know any spells.
Your spell library was empty.

Inventory:

Hand Weapons
 o - a +0 whip
 Y - a +2 antimagic broad axe (weapon)
Armour
 c - a +0 buckler (worn)
 e - a +2 pair of boots of rampaging (worn)
 j - the +0 helmet "Zureh" (worn) {Int+2}
   (You found it on level 2 of the Dungeon)

   Int:       It affects your intelligence (+2).
 q - a +0 chain mail (worn)
Jewellery
 a - the ring "Zoakefog" {Fire rN+ Int+2}
   (You acquired it on level 1 of the Dungeon)

   [ring of fire]

   It enhances your fire magic.
   Int:       It affects your intelligence (+2).
   rF:        It protects you from fire.
   rC:        It makes you vulnerable to cold.
   rN:        It protects you from negative energy.
 h - the ring "Liuronur" (left hand) {Wiz rPois rF+ Int+3 Dex-3}
   (You acquired it on level 1 of the Dungeon)

   [ring of wizardry]

   It improves your spell success rate.
   Int:       It affects your intelligence (+3).
   Dex:       It affects your dexterity (-3).
   rF:        It protects you from fire.
   rPois:     It protects you from poison.
Scrolls
 n - a scroll of identify
Potions
 d - 2 potions of might
 g - a potion of resistance {unknown}
 i - a potion of berserk rage {unknown}
 k - a potion of haste
 l - a potion of curing {unknown}
 m - a potion of flight {unknown}

Dungeon Overview and Level Annotations

Branches:
Dungeon (4/15)
 Temple: D:4-7

Altars:
Elyvilon


Message History

Existing waypoints: (1) D:2 (2) D:3 Assign waypoint to what number? (0-9, D - delete waypoint) Waypoint 1 re-assigned from D:2 to D:4.
Enter note: A gnoll comes into view. It is wielding a +0 whip.
A gnoll comes into view. It is wielding a +2 vorpal flail.
A gnoll comes into view. It is wielding a +0 halberd.
Found an escape hatch in the floor.
The gnoll shouts! x2
You block the quokka's attack.
A gnoll comes into view. It is wielding a +1 spear of venom.
The gnoll shouts!
You slash the quokka!
You kill the quokka!
You slash the kobold!
You kill the kobold!
You rampage towards the gnoll!
You hit the gnoll.
The gnoll is lightly wounded.
You barely miss the gnoll. You block the gnoll's attack.
The gnoll hits you with a +0 halberd!
You hit the gnoll.
The gnoll is heavily wounded.
You hit the gnoll. x2
The gnoll hits you from afar with a +1 spear of venom.
The gnoll hits you with a +2 vorpal flail.
You block the gnoll's attack. The gnoll hits you but does no damage.
The gnoll hits you with a +0 halberd! The gnoll barely misses you.
The gnoll hits you but does no damage. The gnoll barely misses you.
2558 ||| READING scroll of teleportation.
As you read the scroll of teleportation, it crumbles to dust.
You feel strangely unstable. The gnoll hits you but does no damage.
The gnoll hits you with a +0 halberd. The gnoll hits you but does no damage.
The gnoll hits you from afar with a +1 spear of venom.
You hit the gnoll.
The gnoll is severely wounded.
You slash the gnoll! You hit the gnoll.
The gnoll hits you with a +2 vorpal flail!
You die...

###.. #... #..
#######.####
##..........##
##............##
#..............#
#.....g@..<....#
#....ggg)).....#
#..............#
#..............#
##>...........##
##..........##
############


You could see 4 gnolls.

Vanquished Creatures
  An orc priest (D:3)
  A hound (D:3)
  An adder (D:3)
  A worm (D:1)
  A dart slug (D:3)
  3 orcs (D:3)
  2 bats
  3 endoplasms
  5 giant cockroaches (D:3)
  2 goblins
  5 hobgoblins
  2 jackals (D:2)
  2 quokkas
  7 ball pythons
  3 frilled lizards (D:1)
  7 kobolds
  5 rats
51 creatures vanquished.

Vanquished Creatures (others)
  A fungus (D:3)
1 creature vanquished.

Grand Total: 52 creatures vanquished

Notes
Turn   | Place    | Note
-------+----------+-------------------------------------------
     0 | D:1      | qw the Gargoyle Fighter began the quest for the Orb.
     0 | D:1      | Reached XP level 1. HP: 14/14 MP: 1/1
     0 | D:1      | 0 ||| qw: Version: 0.2-a-12-gaebbb33
     0 | D:1      | 0 ||| qw: Game counter: 1120
     0 | D:1      | 0 ||| qw: Always use a shield: true
     0 | D:1      | 0 ||| qw: God list: Okawaru
     0 | D:1      | 0 ||| qw: Allow faded altars: false
     0 | D:1      | 0 ||| qw: Do Orc after D:15 true
     0 | D:1      | 0 ||| qw: Do second Lair branch before Depths: true
     0 | D:1      | 0 ||| qw: Lair rune preference: random
     0 | D:1      | 0 ||| qw: Plans: Normal, Zot:1-4, God:TSO, Crypt, Tomb,
                  | Pan, Slime:5, Hells, Abyss, Orb
     0 | D:1      | 0 ||| PLANNING D:1-11
   114 | D:1      | Found a faded altar of an unknown god.
   129 | D:1      | Reached skill level 2 in Axes
   366 | D:1      | Reached XP level 2. HP: 19/19 MP: 2/2
   958 | D:1      | 958 ||| UPGRADING to +2 pair of boots of rampaging.
   963 | D:1      | 963 ||| READING scroll labelled WOHAAL KOGGA.
   964 | D:1      | 964 ||| READING 3 scrolls labelled LYPNADD LEWK.
   964 | D:1      | Identified 3 scrolls of acquirement
   964 | D:1      | 964 ||| ACQUIRING ring "Zoakefog" {Fire rN+ Int+2}
   964 | D:1      | Acquired the ring "Zoakefog" {Fire rN+ Int+2}
   966 | D:1      | 966 ||| READING 2 scrolls of acquirement.
   966 | D:1      | 966 ||| ACQUIRING +0 antimagic broad axe
   966 | D:1      | Acquired a +0 antimagic broad axe
   968 | D:1      | 968 ||| SWAPPING to +0 antimagic broad axe.
   969 | D:1      | 969 ||| DROPPING +0 war axe.
   970 | D:1      | 970 ||| READING scroll of acquirement.
   970 | D:1      | 970 ||| ACQUIRING ring "Liuronur" {Wiz rPois rF+ Int+3
                  | Dex-3}
   970 | D:1      | Acquired the ring "Liuronur" {Wiz rPois rF+ Int+3 Dex-3}
   972 | D:1      | 972 ||| UPGRADING to ring "Liuronur" {Wiz rPois rF+ Int+3
                  | Dex-3}.
  1012 | D:2      | 1012 ||| STAIRDANCE
  1032 | D:2      | Reached skill level 3 in Axes
  1052 | D:2      | Reached XP level 3. HP: 23/23 MP: 1/3
  1060 | D:2      | 1060 ||| Stepping ~*~*~tactically~*~*~ (stealth).
  1110 | D:2      | 1110 ||| Stepping ~*~*~tactically~*~*~ (stealth).
  1134 | D:2      | Identified the +0 helmet "Zureh" {Int+2}
  1324 | D:2      | 1324 ||| DROPPING +0 club.
  1519 | D:2      | 1519 ||| UPGRADING to +0 helmet "Zureh" {Int+2}.
  1524 | D:2      | 1524 ||| READING scroll labelled IHUUGO SICA.
  1525 | D:2      | 1525 ||| READING scroll labelled OKYCEN LOPNOTS.
  1526 | D:2      | 1526 ||| READING scroll labelled ONONUN XEESO.
  1527 | D:2      | 1527 ||| READING 2 scrolls labelled YGIDOA HUDD.
  1821 | D:3      | Found a white marble altar of Elyvilon.
  2001 | D:3      | 2001 ||| Stepping ~*~*~tactically~*~*~ (hiding).
  2005 | D:3      | 2005 ||| Stepping ~*~*~tactically~*~*~ (hiding).
  2010 | D:3      | Reached XP level 4. HP: 28/28 MP: 1/4
  2014 | D:3      | Reached skill level 4 in Axes
  2039 | D:3      | 2039 ||| FLEEEEING.
  2040 | D:3      | 2040 ||| FLEEEEING.
  2042 | D:3      | 2042 ||| FLEEEEING.
  2043 | D:3      | 2043 ||| FLEEEEING.
  2044 | D:3      | 2044 ||| FLEEEEING.
  2045 | D:3      | 2045 ||| FLEEEEING.
  2046 | D:3      | 2046 ||| FLEEEEING.
  2047 | D:3      | 2047 ||| FLEEEEING.
  2048 | D:3      | 2048 ||| FLEEEEING.
  2050 | D:3      | 2050 ||| STAIRDANCE
  2082 | D:2      | 2082 ||| READING 2 scrolls labelled IFEUDD CISYLAE.
  2083 | D:2      | 2083 ||| READING scroll of enchant weapon.
  2083 | D:2      | 2083 ||| ENCHANTING +1 antimagic broad axe.
  2084 | D:2      | 2084 ||| DRINKING 2 murky white potions.
  2130 | D:3      | 2130 ||| Stepping ~*~*~tactically~*~*~ (stealth).
  2135 | D:3      | 2135 ||| Stepping ~*~*~tactically~*~*~ (stealth).
  2136 | D:3      | 2136 ||| Stepping ~*~*~tactically~*~*~ (stealth).
  2141 | D:3      | 2141 ||| Stepping ~*~*~tactically~*~*~ (stealth).
  2155 | D:3      | Reached XP level 5. HP: 29/32 MP: 1/5
  2157 | D:3      | 2157 ||| Stepping ~*~*~tactically~*~*~ (stealth).
  2162 | D:3      | 2162 ||| Stepping ~*~*~tactically~*~*~ (stealth).
  2166 | D:3      | 2166 ||| Stepping ~*~*~tactically~*~*~ (stealth).
  2167 | D:3      | 2167 ||| Stepping ~*~*~tactically~*~*~ (stealth).
  2190 | D:3      | 2190 ||| Stepping ~*~*~tactically~*~*~ (hiding).
  2236 | D:3      | 2236 ||| Stepping ~*~*~tactically~*~*~ (stealth).
  2237 | D:3      | 2237 ||| Stepping ~*~*~tactically~*~*~ (stealth).
  2239 | D:3      | 2239 ||| Stepping ~*~*~tactically~*~*~ (stealth).
  2241 | D:3      | 2241 ||| Stepping ~*~*~tactically~*~*~ (stealth).
  2507 | D:3      | 2507 ||| UPGRADING to +0 chain mail.
  2517 | D:3      | 2517 ||| DROPPING +0 scale mail.
  2518 | D:3      | 2518 ||| READING 2 scrolls of identify.
  2518 | D:3      | 2518 ||| IDENTIFYING fuming green potion
  2519 | D:3      | 2519 ||| DROPPING potion of brilliance.
  2557 | D:4      | HP: 8/32 [gnoll/+0 halberd (12)]
  2558 | D:4      | 2558 ||| READING scroll of teleportation.
  2559 | D:4      | Slain by a gnoll

Levels and vault maps discovered:
D:1:      moated_graveyard_arrival, layout_basic, ebering_ecumenical_altar_hall
D:2:      layout_rooms, uniq_crazy_yiuf_cottage
D:3:      layout_basic, elyvilon_altar_1
D:4:      layout_rooms, nicolae_overflows_in_rows

Skill      XL: |  1  2  3  4 |
---------------+-------------+-----
Axes           | 2 3 4 |  4.7
Fighting       | |  3.2
Armour         | |  3.2
Shields        | |  3.2

Action                   |  1- 3 |  4- 6 || total
-------------------------+-------+-------++-------
Melee: War axe           |    38 |       ||    38
       Broad axe         |    71 |    36 ||   107
  Use: Scroll            |     8 |     4 ||    12
       Potion            |       |     1 ||     1
Armor: Scale mail        |    58 |    17 ||    75
       Chain mail        |       |     4 ||     4
Dodge: Dodged            |    54 |    16 ||    70
Block: Buckler           |    19 |     7 ||    26

Table legend:
 A = Non-vault XP
 B = Vault XP
 C = Vault XP percentage of total XP
 D = Non-vault monster count
 E = Vault monster count
 F = Vault count percentage of total count
                 A         B        C        D         E       F
            +---------+---------+-------+---------+---------+-------
      Total |     189 |       0 |   0.0 |      51 |       0 |   0.0
            +---------+---------+-------+---------+---------+-------
        D:1 |      26 |       0 |   0.0 |      16 |       0 |   0.0
        D:2 |      22 |       0 |   0.0 |      12 |       0 |   0.0
        D:3 |     137 |       0 |   0.0 |      21 |       0 |   0.0
        D:4 |       4 |       0 |   0.0 |       2 |       0 |   0.0
            +---------+---------+-------+---------+---------+-------
